 Dungeon Crawl Stone Soup version 0.25-a0-1133-g93ebf73 (webtiles) character file.

Game seed: 12878940318039343905, levelgen mode: deterministic

5 thirtiethelement the Skirmisher (level 1, -1/18 HPs)
             Began as a Demonspawn Abyssal Knight on May 23, 2020.
             Was an Initiate of Lugonu.
             Slain by a kobold
             ... wielding a cursed +0 whip
              (3 damage)
             ... on level 1 of the Dungeon.
             The game lasted 00:02:18 (349 turns).

thirtiethelement the Skirmisher (DsAK)               Turns: 349, Time: 00:02:19

Health: -1/18      AC:  3    Str: 12    XL:     1   Next: 66%
Magic:  2/2        EV: 11    Int: 13    God:    Lugonu [......]
Gold:   58         SH:  0    Dex: 12    Spells: 0/0 levels left

rFire    . . .     SeeInvis .   e - +0 rapier
rCold    . . .     Gourm    .   (no shield)
rNeg     . . .     Faith    .   b - +0 leather armour
rPois    .         Spirit   .   (no helmet)
rElec    .         Reflect  .   (no cloak)
rCorr    .         Harm     .   (no gloves)
MR       .....                  (no boots)
Stlth    +.........             (no amulet)
HPRegen  0.06/turn              (no ring)
MPRegen  0.08/turn              (no ring)

@: no status effects
A: no striking features
a: Renounce Religion


You were on level 1 of the Dungeon.
You worshipped Lugonu.
Lugonu was noncommittal.
You were not hungry.

You visited 1 branch of the dungeon, and saw 1 of its levels.
You visited the Abyss 1 time.

You collected 58 gold pieces.

Inventory:

Hand Weapons
 a - a +1 falchion
 e - a +0 rapier (weapon)
Armour
 b - a +0 leather armour (worn)
Scrolls
 d - a scroll of identify {unknown}
 f - a scroll of amnesia {unknown}
Potions
 g - a potion of ambrosia {unknown}
Comestibles
 c - a ration


   Skills:
 + Level 3.1 Fighting
 + Level 1.8 Long Blades
 + Level 1.8 Armour
 + Level 1.2 Dodging
 + Level 2.4 Invocations


You couldn't memorise any spells.
You didn't know any spells.
Your spell library was empty.

Dungeon Overview and Level Annotations

Branches:
Dungeon (1/15)

Altars:


Message History

The kobold hits you with a cursed +0 whip.
* * * LOW HITPOINT WARNING * * *
You closely miss the kobold. The kobold misses you.
You closely miss the kobold. The kobold barely misses you.
You barely miss the kobold. The kobold hits you but does no damage.
You hit the kobold.
The kobold is severely wounded.
The kobold hits you with a cursed +0 whip.
* * * LOW HITPOINT WARNING * * *
You barely miss the kobold.
The kobold is severely wounded.
The kobold barely misses you. The kobold misses you.
You hit the kobold but do no damage.
The kobold is severely wounded.
The kobold hits you with a cursed +0 whip.
* * * LOW HITPOINT WARNING * * *
You miss the kobold.
The kobold is severely wounded.
The kobold hits you with a cursed +0 whip.
You die...

.) #.########
#........# #
#......).# ####.#
##........###....#
..............#
#.......###.#
#(....$.# #.#
#>...@K(# #.##
#### ####.####
#..# #.. ... ##.#
#.# ####
##.#####.##
###.........##
##....####.....
##...### ###...
#...## ##.. ##..##
##.


You could see a kobold.

Vanquished Creatures
  2 dart slugs (D:1)
2 creatures vanquished.

Vanquished Creatures (others)
  2 starspawn tentacles (Abyss:1)
2 creatures vanquished.

Grand Total: 4 creatures vanquished

Notes
Turn   | Place    | Note
-------+----------+-------------------------------------------
     0 | Abyss:1  | thirtiethelement the Demonspawn Abyssal Knight began the
                  | quest for the Orb.
     0 | Abyss:1  | Reached XP level 1. HP: 18/18 MP: 2/2
    29 | Abyss:1  | Noticed a neqoxec
    52 | Abyss:1  | Noticed an insubstantial wisp
   115 | Abyss:1  | Noticed a tentacled starspawn
   118 | Abyss:2  | Found a corrupted altar of Lugonu.
   165 | Abyss:2  | Noticed a smoke demon
   166 | D:1      | Escaped the Abyss
   335 | D:1      | Reached skill level 1 in Dodging
   349 | D:1      | Slain by a kobold

Illustrated notes

Levels and vault maps discovered:
D:1:      heliophobic_arrival_dark_side_of_the_moon, layout_loops_ring

Skill      XL: |  1 |
---------------+----+-----
Dodging        | 1 |  1.2
Fighting       | |  3.1
Long Blades    | |  1.8
Armour         | |  1.8
Invocations    | |  2.4

Action                   || total
-------------------------++-------
Melee: Rapier            ||    17
       Falchion          ||     5
Invok: Depart the Abyss  ||     1
Armor: Leather armour    ||     3
Dodge: Dodged            ||    17

Table legend:
 A = Non-vault XP
 B = Vault XP
 C = Vault XP percentage of total XP
 D = Non-vault monster count
 E = Vault monster count
 F = Vault count percentage of total count
                 A         B        C        D         E       F
            +---------+---------+-------+---------+---------+-------
      Total |       8 |       0 |   0.0 |       2 |       0 |   0.0
            +---------+---------+-------+---------+---------+-------
        D:1 |       8 |       0 |   0.0 |       2 |       0 |   0.0
            +---------+---------+-------+---------+---------+-------
